Unix NetHack Version 5.0.0-0 post-release - last build May  3 2026 23:40:34 (9823c992c0763bbd039eca2974112f46eaf799b3,branch:main).

Game began 2026-05-04 09:24:20, ended 2026-05-04 10:11:29.

23881750910, lawful female human Valkyrie

    [                    $                                     $   --------
                                                    --------      #-....>.|
                            ---------------#########-.......#  $  #|a'....|
                            |.............|*        |......|#     #|@ad...|
                            |.............|#       #.......|#     #--------
                            ..............-#       #|......|#     ##
                            |.............|#       #--.-----#      ###
                            -----.---------        ## #########      #
                                         `          ##      # #      #
               $                                     #    ### #      #
         $           $                   $                #---.------#
         $                                       )!(      #|........|#
                                                          #|.........#
                                   $             )?       #|........|
                                                          #-........|
                )                                          ----------
            o               *
         $                    (                                     $

23881750910 the Skirmisher  St:15 Dx:11 Co:18 In:9 Wi:8 Ch:10  Lawful
Dlvl:6  $:92 HP:0(45) Pw:29(29) AC:10 Xp:4 T:2818 

Latest messages:
 You turn into a werejackal!
 You find you must drop your dagger!
 You can barely move a handspan with this load!
 Use the command #monster to summon help.
 The jackal picks up an orcish dagger.
 You see here a statue of a giant ant.
 The paper golem hits!
 The giant ant misses!
 The paper golem hits!
 The giant ant bites!
 The jackal drops an orcish dagger.
 The paper golem hits!
 The giant ant bites!
 The paper golem hits!
 The giant ant bites!
 You return to human form!
 Your movements are now unencumbered.
 You begin bashing monsters with your bare hands.
 You hit the paper golem.
 The paper golem hits!
 The giant ant bites!
 You miss the paper golem.
 The paper golem hits!
 The giant ant bites!
 The giant ant bites!
 You hit the paper golem.
 The paper golem hits!
 The giant ant bites!
 The jackal picks up an orcish dagger.
 You hit the paper golem.
 The paper golem hits!
 The giant ant bites!
 The paper golem hits!
 The giant ant bites!
 The giant ant bites!
 You hit the giant ant.
 The paper golem hits!
 The giant ant bites!
 The jackal drops an orcish dagger.
 The giant ant bites!
 You miss the giant ant.
 The paper golem hits!
 The giant ant bites!
 The giant ant bites!
 You die...
 Do you want your possessions identified? [ynq] (y) n
 Do you want to see your attributes? [ynq] (y) n
 Do you want an account of creatures vanquished? [ynaq] (y) n
 Do you want to see your conduct and achievements? [ynq] (y) n
 Do you want to see the dungeon overview? [ynq] (y) n

Inventory:
 Coins    ('$')
  $ - 92 gold pieces
 Amulets  ('"')
  v - a cursed amulet of restful sleep
 Weapons  (')')
  e - 17 +0 arrows
  k - a cursed -1 bow
  p - a +0 sling
  l - a +1 dagger
  b - a +0 dagger (alternate weapon; not wielded)
 Armor    ('[')
  m - an uncursed +0 banded mail
 Comestibles  ('%')
  s - an uncursed cram ration
  d - an uncursed food ration
  t - an uncursed lichen corpse
 Rings    ('=')
  u - a cursed ring of hunger
 Wands    ('/')
  x - a wand of polymorph (0:4)
 Tools    ('(')
  w - a cursed oil lamp

23881750910 the Valkyrie's attributes:

Background:
 You were a Skirmisher, a level 4 human Valkyrie.
 You were lawful, nominally on a mission for Tyr
 who was opposed by Odin (neutral) and Loki (chaotic).
 You were left-handed.
 You were in the Dungeons of Doom, on level 6.
 You entered the dungeon 2818 turns ago.
 There was a full moon in effect when your adventure ended.
 You had 83 experience points, 77 more were needed to attain level 5.

Basics:
 You had 0 out of 45 hit points.
 You had all 29 energy points (spell power).
 Your armor class was 10.
 Your wallet contained 92 zorkmids.
 Autopickup was off.

Final Characteristics:
 Your strength was 15 (peak:18/01, limit:18/100).
 Your dexterity was 11 (limit:18).
 Your constitution was 18 (limit:18).
 Your intelligence was 9 (limit:18).
 Your wisdom was 8 (limit:18).
 Your charisma was 10 (limit:18).

Final Status:
 You weren't hungry.
 You were unencumbered.
 You were bare handed.
 You were unskilled in bare handed combat.
 You weren't wearing any armor.

Final Attributes:
 You were piously aligned.
 You were cold resistant.
 You were level-drain resistant.
 You were stealthy.
 You aggravated monsters.
 You were a werejackal.
 You were harmed by silver.
 You were unlucky.
 You are dead.

Miscellaneous:
 You didn't encounter any bones levels.
 Total elapsed playing time was 47 minutes and 1 second.

Major events:
 Turn
    1: 23881750910 the lawful human Valkyrie entered the dungeon
 1953: attained the rank of Skirmisher (level 3)
 2818: killed by a giant ant

You didn't know any spells.

Skills:
 Fighting Skills
   bare handed combat [Unskilled]
   two weapon combat  [Unskilled]
   riding             [Unskilled]
 Weapon Skills
   dagger             [Basic]
   axe                [Unskilled]
   pick-axe           [Unskilled]
   short sword        [Unskilled]
   broadsword         [Unskilled]
   long sword         [Unskilled]
   two-handed sword   [Unskilled]
   saber              [Unskilled]
   hammer             [Unskilled]
   quarterstaff       [Unskilled]
   polearms           [Unskilled]
   spear              [Basic]
   trident            [Unskilled]
   lance              [Unskilled]
   sling              [Unskilled]
 Spellcasting Skills
   attack spells      [Unskilled]
   escape spells      [Unskilled]

Voluntary challenges:
 Character rerolling was not enabled.
 You were an atheist.
 You were illiterate.
 You never genocided any monsters.
 You never polymorphed an object.
 You used no wishes.
Achievements:
 You entered a shop.
 You attained the rank of Skirmisher.

 The Dungeons of Doom: levels 1 to 6
    Level 1:
       A fountain.
    Level 2:
       A potion shop, some fountains.
    Level 3:
       A potion shop.
    Level 4:
       An altar.
    Level 6: <- You were here.
       Final resting place for
          you, killed by a giant ant.


Vanquished creatures:
  a kitten
  a werejackal
 an iguana
  3 coyotes
  a gas spore
  2 manes
  3 giant rats
  a gnome zombie
  4 geckos
  6 jackals
  a fox
  2 kobolds
  a goblin
  2 sewer rats
  2 grid bugs
  a bat
  2 lichens
  3 kobold zombies
  5 newts
42 creatures vanquished.

No species were genocided or became extinct.

Game over:
                       ----------
                      /          \
                     /    REST    \
                    /      IN      \
                   /     PEACE      \
                  /                  \
                  |   23881750910    |
                  |      92 Au       |
                  |   killed by a    |
                  |    giant ant     |
                  |                  |
                  |                  |
                  |       2026       |
                 *|     *  *  *      | *
        _________)/\\_//(\/(/\)/\//\/|_)_______

Farvel 23881750910 the Valkyrie...

You died in The Dungeons of Doom on dungeon level 6 with 705 points,
and 92 pieces of gold, after 2818 moves.
You were level 4 with a maximum of 45 hit points when you died.

